 Dungeon Crawl Stone Soup version 0.19.4-8-ga85b6b9 (webtiles) character file.

3479 Naow the Severer (level 9, -16/105 HPs)
             Began as a Minotaur Berserker on Feb 14, 2017.
             Was a High Priest of Trog.
             Demolished by an orc warrior
             ... wielding a +0 dire flail
              (19 damage)
             ... on level 7 of the Dungeon.
             The game lasted 00:06:06 (6648 turns).

Naow the Severer (Minotaur Berserker)               Turns: 6648, Time: 00:06:07

Health: -16/105    AC:  9    Str: 29    XL:     9   Next: 79%
Magic:  8/8        EV: 11    Int:  4    God:    Trog [*****.]
Gold:   467        SH:  0    Dex: 11    Spells: 0 memorised, 8 levels left

rFire  . . .     SeeInvis .     a - +0 hand axe
rCold  . . .     Gourm    .     f - quicksilver dragon scales
rNeg   . . .     Faith    .     (no shield)
rPois  .         Spirit   .     (helmet restricted)
rElec  .         Reflect  .     (no cloak)
rCorr  .         Harm     .     (no gloves)
MR     +....                    (no boots)
Stlth  ..........               (no amulet)
                                (no ring)
                                (no ring)

@: berserking, very quick
A: retaliatory headbutt, horns 2
a: Berserk, Trog's Hand, Brothers in Arms, Burn Spellbooks, Renounce Religion


You were on level 7 of the Dungeon.
You worshipped Trog.
Trog was extremely pleased with you.
You were very hungry.

You visited 1 branch of the dungeon, and saw 7 of its levels.
You also visited: Ossuary.

You collected 467 gold pieces.

Inventory:

Hand Weapons
 a - a +0 hand axe (weapon)
Armour
 b - a +0 animal skin
 f - quicksilver dragon scales (worn)
 p - a +0 plate armour
Wands
 H - a wand of polymorph (9/24)
Scrolls
 d - 8 scrolls of identify {unknown}
 e - 3 scrolls of recharging {unknown}
 h - a scroll of magic mapping {unknown}
 k - 2 scrolls of fear {unknown}
 m - 5 scrolls of remove curse {unknown}
 n - 3 scrolls of immolation {unknown}
 o - 3 scrolls of teleportation {unknown}
 q - 2 scrolls of enchant weapon {unknown}
 s - a scroll of amnesia {unknown}
 u - a scroll of fog {unknown}
 z - a scroll of enchant armour {unknown}
 A - 8 scrolls of random uselessness {unknown}
 D - 2 scrolls of noise {unknown}
 J - a scroll of blinking {unknown}
Potions
 g - 6 potions of curing
 i - a potion of magic {unknown}
 j - 3 potions of mutation {unknown}
 l - a potion of ambrosia {unknown}
 r - 6 potions of heal wounds {unknown}
 t - a potion of resistance {unknown}
 w - 3 potions of flight {unknown}
 x - 8 potions of degeneration {unknown}
 C - a potion of haste {unknown}
 E - 2 potions of lignification {unknown}
 F - a potion of might {unknown}
 G - a potion of invisibility {unknown}
 K - a potion of beneficial mutation {unknown}
 M - a potion of cancellation {unknown}
Books
 y - a book of Cantrips

   Spells                             Type                      Level
   a - Confusing Touch                Hexes                        1
   b - Animate Skeleton               Necromancy                   1
   c - Summon Small Mammal            Summoning                    1
   d - Apportation                    Translocation                1
   Trog disapproves of the use of such an item.
Comestibles
 c - 7 bread rations
 v - 3 meat rations
 B - 3 beef jerkies
 I - 4 fruits
 L - a royal jelly
 N - 5 chunks of flesh


   Skills:
 - Level 3.6 Fighting
 + Level 15.9 Axes
 - Level 2.4 Armour
 - Level 2.1 Dodging


You had 8 spell levels left.
You didn't know any spells.

Dungeon Overview and Level Annotations

Branches:
Dungeon (7/15)             Temple (0/1) D:7

Altars:
Nemelex Xobeh


Innate Abilities, Weirdness & Mutations

You reflexively headbutt those who attack you in melee.
You have a pair of horns on your head.


Message History

You slash the orc priest!
You kill the orc priest!
Trog accepts your kill.
You closely miss the orc warrior. You slash the orc!
You feel the power of Trog in you as your rage grows.
You kill the orc!
Trog accepts your kill.
You slash the orc priest! The orc priest closely misses you.
You furiously retaliate!
You headbutt the orc priest!
You kill the orc priest!
Trog accepts your kill.
You closely miss the orc warrior. Your headbutt misses the orc warrior.
The orc warrior hits you with a dire flail!
* * * LOW HITPOINT WARNING * * *
You closely miss the orc warrior. Your headbutt misses the orc warrior.
You barely miss the orc warrior. Your headbutt misses the orc warrior.
You closely miss the orc warrior. You headbutt the orc warrior.
The orc warrior is lightly wounded.
The orc warrior hits you with a dire flail!!
You die...

.# ######...##......
###### #......##........
.....###.#######....[...
####....................
########.####...........
..####...####.##........
#.............##)o......
###.......##....@)......
##..##.#.######..######
#......#.. ##.#
##.####..... ... .#.##
#..... .... ....#
#.##.#. .#### <....# .
.. .. ......... ..
......#.#


You could see an orc warrior.

Vanquished Creatures
  The ghost of flsc the Cleaver, a novice MiBe of Trog (D:6)
  The ghost of Opal the Chopper, a novice DrBe of Trog (D:7)
  Duvessa (D:5)
  A water moccasin (D:5)
  The ghost of maxonian the Skirmisher, an amateur OgHu (D:3)
  An orc warrior (D:6)
  A phantom (D:4)
  2 ogres (D:5)
  A crocodile (D:7)
  A centaur (D:5)
  Blork the orc (D:5)
  6 big kobolds (D:6)
  A bullfrog (D:6)
  Dowan (D:5)
  2 scorpions (D:6)
  An electric eel (D:6)
  2 human zombies (Ossuary)
  2 centaur zombies (Ossuary)
  3 orc wizards (D:6)
  4 hounds
  2 jellies (D:6)
  3 orc priests
  9 worker ants
  3 mummies (Ossuary)
  A howler monkey zombie (D:6)
  A howler monkey skeleton (D:5)
  5 gnolls
  7 adders
  3 shadow imps
  An ooze (D:3)
  An adder skeleton (D:5)
  An adder zombie (D:6)
  3 worms
  4 dart slugs
  5 leopard geckos
  9 orcs
  2 ball pythons
  7 giant cockroaches
  2 gnoll zombies (Ossuary)
  7 goblins
  6 hobgoblins
  4 jackals (D:2)
  42 kobolds
  3 quokkas
  9 bats
  2 frilled lizards (D:2)
  A kobold zombie (Ossuary)
  An orc zombie (Ossuary)
  A quokka skeleton (D:5)
  A quokka zombie (D:5)
  11 rats
191 creatures vanquished.

Notes
Turn   | Place    | Note
-------+----------+-------------------------------------------
     0 | D:1      | Naow the Minotaur Berserker began the quest for the Orb.
     0 | D:1      | Reached XP level 1. HP: 19/19 MP: 0/0
   156 | D:1      | Reached skill level 4 in Axes
   297 | D:1      | Reached XP level 2. HP: 26/26 MP: 1/1
   913 | D:2      | Reached skill level 5 in Axes
   988 | D:2      | Reached XP level 3. HP: 30/31 MP: 2/2
   996 | D:2      | Reached ** piety under Trog
  1660 | D:3      | Noticed maxonian's ghost (amateur OgHu)
  1683 | D:3      | Killed maxonian's ghost
  1683 | D:3      | Reached skill level 7 in Axes
  1683 | D:3      | Reached XP level 4. HP: 21/39 MP: 3/3
  1683 | D:3      | Reached XP level 5. HP: 24/45 MP: 4/4
  2209 | D:3      | Reached *** piety under Trog
  2349 | D:3      | Reached skill level 8 in Axes
  2513 | D:3      | Reached XP level 6. HP: 51/51 MP: 5/5
  2861 | D:4      | Reached skill level 9 in Axes
  3286 | D:4      | Reached XP level 7. HP: 57/57 MP: 6/6
  3614 | D:5      | Entered Level 5 of the Dungeon
  3645 | D:5      | Found a sand-covered staircase.
  3683 | D:5      | Found a sparkling altar of Nemelex Xobeh.
  3723 | Ossuary  | Entered an ossuary
  3790 | Ossuary  | Reached skill level 10 in Axes
  4239 | D:5      | Noticed Blork the orc
  4250 | D:5      | Killed Blork the orc
  4250 | D:5      | Reached skill level 11 in Axes
  4392 | D:5      | Noticed Duvessa
  4392 | D:5      | Noticed Dowan
  4400 | D:5      | Killed Duvessa
  4405 | D:5      | Killed Dowan
  4405 | D:5      | Reached XP level 8. HP: 64/64 MP: 7/7
  4433 | D:5      | Reached **** piety under Trog
  4705 | D:5      | Reached skill level 12 in Axes
  4977 | D:6      | Noticed flsc's ghost (novice MiBe)
  4995 | D:6      | Killed flsc's ghost
  4995 | D:6      | Reached skill level 13 in Axes
  5255 | D:6      | Reached XP level 9. HP: 39/70 MP: 8/8
  5549 | D:6      | Reached skill level 14 in Axes
  5617 | D:6      | Reached ***** piety under Trog
  6241 | D:6      | Reached skill level 15 in Axes
  6450 | D:7      | Noticed Opal's ghost (novice DrBe)
  6458 | D:7      | Killed Opal's ghost
  6563 | D:7      | Found a staircase to the Ecumenical Temple.
  6645 | D:7      | HP: 2/105 [orc warrior/dire flail (7)]
  6648 | D:7      | Demolished by an orc warrior

Skill      XL: |  1  2  3  4  5  6  7  8  9 |
---------------+----------------------------+-----
Axes           | 4 5 7 8 9 11 13 15 | 15.9
Fighting       | |  3.6
Armour         | |  2.4
Dodging        | |  2.1

Action                   |  1- 3 |  4- 6 |  7- 9 || total
-------------------------+-------+-------+-------++-------
Melee: Hand axe          |    85 |   132 |   336 ||   553
       Headbutt          |    13 |    25 |    70 ||   108
Invok: Berserk           |       |       |     5 ||     5
  Eat: Chunk             |     2 |     6 |    14 ||    22
Armor: Animal skin       |     6 |       |       ||     6
       Quicksilver drago |    21 |    52 |   103 ||   176
Dodge: Dodged            |    46 |    59 |   126 ||   231
